Map: Cosmic Sapphire

Players

FinalBoss

  • Race: Protoss Protoss
  • League: Diamond
  • Spawn Location: 11:00

A.I. 1 (Easy) - Winner!

  • Race: Zerg Zerg
  • Spawn Location: 5:00

VOD

Have the link to the VOD?

Description

Basic Sentry Immortal Chargelot Build. Approximately 6-minute timing with 3 immortals, as many sentries as you can afford, and 8 gates of chargelot production. Not optimized. So you can improve this quite a bit. Still, this should be a decent build to get through metal league PvZ.

Time

  • Played on: Aug. 18, 2022, 10:10 a.m.
  • Length: 6:37
Show
View Real Time Build Order
Export as new Build Order

FinalBoss Protoss 

Build Orders: 1 Gate Expand 

Get SALT Encoding   

  12  0:00  Probe  
  13  0:12  Probe  
  14  0:20  Pylon  
  14  0:24  Probe  
  15  0:38  Probe (Chrono Boost)  
  15  0:40  Gateway  
  16  0:45  Assimilator  
  16  0:49  Probe (Chrono Boost)  
  17  0:54  Probe (Chrono Boost)  
  18  1:04  Probe  
  19  1:16  Probe  
  20  1:25  Nexus  
  20  1:36  Cybernetics Core  
  20  1:38  Probe  
  21  1:47  Assimilator  
  21  1:49  Pylon  
  21  1:51  Probe  
  22  2:03  Probe (Chrono Boost)  
  23  2:10  Stalker (Chrono Boost)  
  23  2:15  Probe (Chrono Boost)  
  26  2:17  Warp Gate  
  26  2:20  Probe (Chrono Boost)  
  27  2:30  Probe (Chrono Boost)  
  27  2:32  Robotics Facility  
  27  2:37  Probe (Chrono Boost)  
  29  2:47  Probe x2 (Chrono Boost), Sentry  
  32  2:53  Probe  
  32  2:54  Shield Battery  
  32  2:55  Probe  
  35  3:05  Probe  
  35  3:07  Probe  
  35  3:09  Twilight Council  
  36  3:17  Probe  
  36  3:19  Probe  
  38  3:21  Warp Prism (Chrono Boost)  
  38  3:23  Pylon  
  40  3:30  Probe  
  40  3:31  Probe  
  42  3:35  Pylon  
  42  3:40  Charge (Chrono Boost)  
  42  3:42  Probe  
  42  3:43  Probe  
  44  3:50  Immortal  
  48  4:04  Gateway  
  48  4:07  Gateway  
  48  4:09  Gateway  
  48  4:12  Gateway  
  48  4:19  Gateway  
  48  4:22  Gateway  
  48  4:29  Immortal  
  52  4:34  Pylon  
  52  4:41  Pylon  
  52  4:55  Pylon  
  52  5:01  Sentry  
  52  5:02  Sentry  
  52  5:06  Zealot x2  
  52  5:07  Immortal (Chrono Boost), Zealot  
  66  5:16  Zealot  
  66  5:18  Zealot  
  70  5:26  Pylon  
  70  5:27  Zealot x4  
  70  5:28  Zealot  
  80  5:32  Pylon  
  80  5:48  Stalker  
  82  5:55  Zealot x6  
  88  6:16  Zealot x7  
Show
View Real Time Build Order
Export as new Build Order

A.I. 1 (Easy) Zerg - Winner!

Build Orders: Hatch First 

Get SALT Encoding   

  12  0:01  Drone  
  13  0:12  Overlord  
  13  0:16  Drone  
  14  0:30  Drone  
  14  0:35  Drone  
  16  0:49  Hatchery  
  15  0:52  Drone  
  16  1:10  Spawning Pool  
  15  1:12  Extractor, Drone  
  15  1:16  Drone  
  16  1:23  Overlord  
  16  1:58  Queen  
  16  1:59  Zergling x2  
  16  2:00  Zergling x2, Roach Warren, Drone  
  20  2:01  Extractor  
  20  2:04  Drone  
  20  2:24  Drone  
  20  2:28  Drone  
  22  2:33  Drone  
  23  2:37  Drone  
  23  2:41  Drone  
  23  2:42  Roach x2  
  29  2:48  Drone  
  30  2:52  Overlord  
  30  3:08  Drone  
  30  3:10  Roach  
  30  3:12  Drone  
  34  3:16  Drone  
  35  3:21  Drone  
  35  3:24  Overlord  
  36  3:27  Drone  
  36  3:31  Drone  
  38  3:35  Drone  
  38  3:37  Lair  
  38  3:40  Drone  
  40  3:51  Drone  
  40  3:55  Drone  
  42  3:59  Roach, Drone  
  45  4:03  Overlord  
  45  4:05  Drone  
  46  4:10  Drone  
  46  4:14  Drone  
  48  4:21  Drone  
  48  4:22  Overlord  
  49  4:25  Drone  
  49  4:27  Roach  
  52  4:32  Drone  
  52  4:36  Drone  
  52  4:37  Hydralisk Den  
  53  4:38  Overseer  
  53  4:40  Overseer, Drone  
  53  4:43  Overlord  
  53  4:45  Drone  
  55  4:49  Drone  
  56  4:54  Drone  
  56  4:55  Roach  
  56  4:58  Drone  
  60  5:03  Extractor  
  60  5:05  Drone  
  60  5:06  Extractor  
  59  5:09  Drone  
  60  5:14  Drone  
  60  5:16  Overlord  
  60  5:19  Drone  
  62  5:22  Hydralisk  
  62  5:23  Drone  
  65  5:29  Drone  
  65  5:33  Drone  
  67  5:39  Drone  
  68  5:50  Hydralisk  
  54  6:18  Zergling x2  
Tags
 
Add a new tag
Caveats
  • Supply blocks, unpowered buildings, or Contaminate may cause inaccurate times.
  • Supply counts are checked every 10 seconds.